 Dungeon Crawl Stone Soup version 0.31-a0-1183-gd88bbb8b4d (webtiles) character file.

Game seed: 12470525938236804216

565 qw the Shooter (level 7, -3/64 HPs)
             Began as a Gargoyle Hunter on Dec 11, 2023.
             Killed from afar by Dowan (6 damage)
             ... with a stone arrow
             ... on level 4 of the Dungeon.
             The game lasted 00:01:16 (2825 turns).

qw the Shooter (Gargoyle Hunter)                    Turns: 2825, Time: 00:01:16

Health: -3/64      AC: 11    Str: 14    XL:     7   Next: 32%
Magic:  7/7        EV: 11    Int: 10    God:
Gold:   256        SH:  0    Dex: 15    Spells: 6/6 levels left

rFire   . . .        k - +0 arbalest
rCold   . . .        (shield currently unavailable)
rNeg    + . .        g - +1 ring mail
rPois   inf          (no helmet)
rElec   +            (no cloak)
rCorr   .            (no gloves)
SInv    .            (no boots)
Will    +....        (no amulet) Stlth
                     f - ring of willpower
HPRegen 0.30/turn    (no ring)
MPRegen 0.10/turn

%: no passive effects
@: berserking, about to teleport, very quick
A: sickness immunity, AC +4, negative energy resistance 1, electricity
resistance, torment resistance 1, petrification resistance, high MP 1
a: no special abilities


You were on level 4 of the Dungeon.
You visited 1 branch of the dungeon, and saw 4 of its levels.

You collected 256 gold pieces.


Innate Abilities, Weirdness & Mutations

You are immune to sickness and miasma.
Your stone body is resilient. (AC +4)
You are immune to poison.
You resist negative energy. (rN+)
You are resistant to electric shocks. (rElec)
You are resistant to unholy torment.
You are immune to petrification.
You have an increased reservoir of magic. (+10% MP)


   Skills:
 - Level 4.2 Fighting
 + Level 7.5 Ranged Weapons
 - Level 2.3 Armour
 - Level 1.5 Dodging
 - Level 1.1 Stealth


You had 6 spell levels left.
You didn't know any spells.
Your spell library was empty.

Inventory:

Hand Weapons
 k - a +0 arbalest (weapon)
Armour
 d - a +2 hat
 g - a +1 ring mail (worn)
 l - a +2 hat
Jewellery
 f - a ring of willpower (left hand)
Wands
 e - a wand of digging (5)
Scrolls
 b - 2 scrolls of identify
 h - 2 scrolls of teleportation
 i - a scroll of fear {unknown}
Potions
 c - a potion of curing

Dungeon Overview and Level Annotations

Branches:
Dungeon (4/15)
 Temple: D:4-7

Altars:

Annotations:
D:4 Dowan


Message History

Dowan screams, "No!
Oh no!"
Dowan seems to find hidden reserves of power!
Dowan hits you but does no damage. x2
Dowan gestures wildly while chanting.
Dowan blinks!
You shoot a bolt. The bolt closely misses Dowan.
Dowan gestures wildly while chanting.
Dowan blinks!
Dowan barely misses you.
You shoot a bolt. The bolt hits Dowan!
Dowan is heavily wounded.
Dowan says, "How can I live without her?"
Dowan misses you. Dowan barely misses you.
You shoot a bolt. The bolt barely misses Dowan.
Dowan mumbles some strange words.
Dowan blinks!
You shoot a bolt. The bolt closely misses Dowan.
Dowan gestures wildly while chanting.
Dowan blinks!
You shoot a bolt. The bolt hits Dowan.
Dowan is severely wounded.
Dowan hits you but does no damage. x2
You shoot a bolt. The bolt hits Dowan but does no damage.
Dowan is severely wounded.
Dowan points at you and mumbles some strange words.
The stone arrow hits you!
Dowan gestures wildly while chanting.
Dowan blinks!
Dowan hits you but does no damage.
2823 ||| READING 3 scrolls of teleportation.
As you read the scroll of teleportation, it crumbles to dust.
You feel strangely unstable.
Dowan casts a spell.
Dowan blinks!
2824 ||| DRINKING metallic puce potion.
It was a potion of berserk rage.
A red film seems to cover your vision as you go berserk!
You feel yourself moving faster!
You feel mighty!
Dowan breathes, "And she was my only..."
You feel a strong urge to attack something.
Dowan gestures at you while chanting. The stone arrow hits you.
You die...

#...#
#...########
#.%........#
#........#.#
#........#e#
#........#.#
#........#.#
#........#ยค#
##########@#
#.).....#
#########


You could see Dowan (fast).

Vanquished Creatures
  Duvessa (D:4)
  A black bear (D:4)
  A phantom (D:3)
  A scorpion (D:4)
  A hound (D:4)
  A sleepcap (D:4)
  Terence (D:3)
  An orc wizard (D:1)
  An iguana (D:4)
  3 gnolls (D:4)
  An adder (D:3)
  A worm (D:4)
  2 dart slugs
  8 orcs
  6 endoplasms
  3 giant cockroaches
  9 goblins
  6 hobgoblins
  2 jackals (D:2)
  4 quokkas
  5 ball pythons
  2 bats
  2 frilled lizards
  5 kobolds
  A rat (D:3)
69 creatures vanquished.

Notes
Turn   | Place    | Note
-------+----------+-------------------------------------------
     0 | D:1      | qw the Gargoyle Hunter began the quest for the Orb.
     0 | D:1      | Reached XP level 1. HP: 12/12 MP: 1/1
     0 | D:1      | 0 ||| qw: Version: 0.3-a-106-g2cfff9e
     0 | D:1      | 0 ||| qw: Game counter: 2085
     0 | D:1      | 0 ||| qw: Melee chars always use a shield: true
     0 | D:1      | 0 ||| qw: God list: Okawaru
     0 | D:1      | 0 ||| qw: Allow faded altars: false
     0 | D:1      | 0 ||| qw: Do Orc after clearing Dungeon:15 true
     0 | D:1      | 0 ||| qw: Do second Lair branch before Depths: true
     0 | D:1      | 0 ||| qw: Lair rune preference: random
     0 | D:1      | 0 ||| qw: Goals: Normal, Save, Zot:1-4, Win
     0 | D:1      | 0 ||| PLANNING D:1-11
    80 | D:1      | Reached XP level 2. HP: 17/17 MP: 2/2
   642 | D:1      | 642 ||| UPGRADING to +0 ring mail.
   652 | D:1      | 652 ||| DROPPING +0 leather armour.
   653 | D:1      | 653 ||| DROPPING ring of flight.
   654 | D:1      | 654 ||| UPGRADING to ring of willpower.
   655 | D:1      | 655 ||| READING 2 scrolls labelled ROMETROBLI.
   656 | D:1      | 656 ||| DROPPING scroll of butterflies.
   735 | D:2      | HP: 4/17 [orc/+0 trident (1)]
   736 | D:2      | 736 ||| DRINKING lumpy ruby potion.
   742 | D:2      | Reached XP level 3. HP: 19/21 MP: 3/3
   743 | D:2      | 743 ||| FLEEEEING.
   744 | D:2      | 744 ||| FLEEEEING.
   745 | D:2      | 745 ||| FLEEEEING.
   746 | D:2      | 746 ||| FLEEEEING.
   747 | D:2      | 747 ||| FLEEEEING.
   748 | D:2      | 748 ||| FLEEEEING.
   749 | D:2      | 749 ||| FLEEEEING.
   750 | D:2      | 750 ||| FLEEEEING.
   751 | D:2      | 751 ||| FLEEEEING.
   752 | D:2      | 752 ||| FLEEEEING.
   753 | D:2      | 753 ||| FLEEEEING.
   754 | D:2      | 754 ||| FLEEEEING.
   755 | D:2      | 755 ||| FLEEEEING.
   756 | D:2      | 756 ||| FLEEEEING.
   757 | D:2      | 757 ||| FLEEEEING.
   758 | D:2      | 758 ||| FLEEEEING.
   759 | D:2      | 759 ||| FLEEEEING.
   760 | D:2      | 760 ||| FLEEEEING.
   763 | D:2      | 763 ||| FLEEEEING.
   764 | D:2      | 764 ||| STAIRDANCE
   797 | D:2      | 797 ||| STAIRDANCE
   844 | D:2      | 844 ||| STAIRDANCE
  1063 | D:2      | Reached XP level 4. HP: 26/26 MP: 4/4
  1174 | D:2      | Reached skill level 5 in Ranged Weapons
  1551 | D:2      | 1551 ||| READING scroll of identify.
  1551 | D:2      | 1551 ||| IDENTIFYING bubbling yellow potion
  1552 | D:2      | 1552 ||| READING scroll labelled QEUWULOUMO.
  1552 | D:2      | 1552 ||| ENCHANTING +0 ring mail.
  1553 | D:2      | 1553 ||| READING scroll labelled PEDWAU RUEPY.
  1554 | D:2      | 1554 ||| READING scroll labelled ICAOFA FUYPO.
  1558 | D:2      | 1558 ||| DROPPING potion of brilliance.
  1606 | D:3      | HP: 5/26 [orc/+0 flail (3)]
  1607 | D:3      | 1607 ||| DRINKING fuming clear potion.
  1615 | D:3      | HP: 5/27 [orc/+0 flail (4)]
  1616 | D:3      | 1616 ||| DRINKING blue potion.
  1616 | D:3      | Gained mutation: You have an increased reservoir of magic.
                  | (+10% MP) [potion of mutation]
  1621 | D:3      | 1621 ||| FLEEEEING.
  1624 | D:3      | 1624 ||| FLEEEEING.
  1625 | D:3      | 1625 ||| FLEEEEING.
  1626 | D:3      | 1626 ||| FLEEEEING.
  1627 | D:3      | 1627 ||| FLEEEEING.
  1628 | D:3      | 1628 ||| FLEEEEING.
  1629 | D:3      | 1629 ||| FLEEEEING.
  1631 | D:3      | 1631 ||| FLEEEEING.
  1632 | D:3      | 1632 ||| STAIRDANCE
  1787 | D:3      | Noticed a phantom
  1795 | D:3      | Killed a phantom
  1796 | D:3      | Reached XP level 5. HP: 33/33 MP: 5/5
  2264 | D:3      | Noticed Terence
  2272 | D:3      | Killed Terence
  2320 | D:3      | 2320 ||| READING 2 scrolls of identify.
  2320 | D:3      | 2320 ||| IDENTIFYING scroll labelled HOVYZITARE
  2321 | D:3      | 2321 ||| DROPPING scroll of revelation.
  2393 | D:4      | Reached XP level 6. HP: 37/38 MP: 6/6
  2432 | D:4      | Reached skill level 6 in Ranged Weapons
  2492 | D:4      | Noticed a black bear
  2493 | D:4      | 2493 ||| RETREEAATING.
  2495 | D:4      | 2495 ||| STILL RETREEAATING.
  2507 | D:4      | HP: 9/38 [black bear (5)]
  2508 | D:4      | HP: 3/38 [black bear (5)]
  2509 | D:4      | Killed a black bear
  2510 | D:4      | Reached XP level 7. HP: 4/43 MP: 7/7
  2728 | D:4      | 2728 ||| SWAPPING to +0 arbalest.
  2729 | D:4      | 2729 ||| DROPPING +0 shortbow.
  2778 | D:4      | Reached skill level 7 in Ranged Weapons
  2800 | D:4      | Noticed Duvessa
  2800 | D:4      | Noticed Dowan
  2816 | D:4      | Killed Duvessa
  2822 | D:4      | HP: 1/43 [Dowan/stone arrow (15)]
  2823 | D:4      | 2823 ||| READING 3 scrolls of teleportation.
  2824 | D:4      | 2824 ||| DRINKING metallic puce potion.
  2825 | D:4      | Killed from afar by Dowan

Levels and vault maps discovered:
D:1:      mrwooster_arrival_statue_2, layout_basic, minmay_bisected
D:2:      layout_basic, roderic_roman_lattice
D:3:      layout_loops_ring, minmay_misc_feat_secret_circle, uniq_terence
D:4:      layout_basic, slow_altar_2, uniq_duvessa

Skill      XL: |  1  2  3  4  5  6  7 |
---------------+----------------------+-----
Armour         | 2 |  2.3
Ranged Weapons | 5 6 7 |  7.5
Fighting       | 4 |  4.2
Dodging        | |  1.5
Stealth        | |  1.1

Action                     |  1- 3 |  4- 6 |  7- 9 || total
---------------------------+-------+-------+-------++-------
   Fire: Shortbow          |    81 |   159 |    11 ||   251
         Arbalest          |       |       |    26 ||    26
    Use: Scroll            |     1 |     5 |     1 ||     7
         Potion            |     1 |     2 |     1 ||     4
 Armour: Leather armour    |     3 |       |       ||     3
         Ring mail         |    40 |    92 |    25 ||   157
  Dodge: Dodged            |    22 |    86 |    23 ||   131

Table legend:
 A = Non-vault XP
 B = Vault XP
 C = Vault XP percentage of total XP
 D = Non-vault monster count
 E = Vault monster count
 F = Vault count percentage of total count
                 A         B        C        D         E       F
            +---------+---------+-------+---------+---------+-------
      Total |     629 |     179 |  22.2 |      64 |       5 |   7.2
            +---------+---------+-------+---------+---------+-------
        D:1 |      59 |       5 |   7.8 |      15 |       3 |  16.7
        D:2 |      27 |       0 |   0.0 |      12 |       0 |   0.0
        D:3 |     150 |      36 |  19.4 |      20 |       1 |   4.8
        D:4 |     393 |     138 |  26.0 |      17 |       1 |   5.6
            +---------+---------+-------+---------+---------+-------
